[Event "Titled Tuesday Blitz January 03 Early 2023"]
[White "Butolo, Alexandru-Mircea"]
[Black "Mendez Fortes, Eduardo Jesus"]
[WhiteFideId "1261649"]
[BlackFideId "3502376"]
[WhiteElo "2033"]
[BlackElo "2250"]
[Result "0-1"]
[Round "01"]
[TimeControl "180+2"]
[Date "2023.01.03"]
[WhiteClock "0:00:01"]
[BlackClock "0:01:09"]

1. d4 Nf6 2. c4 e6 3. Nf3 d5 4. g3 dxc4 5. Bg2 a6 6. O-O Nc6 7. a4 Rb8 8. Nc3 Na5 9. Bg5 Be7 10. e4 h6 11. Bxf6 Bxf6 12. e5 Be7 13. Qe2 b6 14. Rad1 Bb7 15. Ne1 Bxg2 16. Nxg2 c6 17. f4 g6 18. Ne4 Qc7 19. Ne3 b5 20. axb5 cxb5 21. d5 Bc5 22. Kg2 Qa7 23. Nf6+ Kf8 24. dxe6 Bxe3 25. Nd7+ Kg7 26. Nxb8 Rxb8 27. Rd7 Rb7 28. Rfd1 Bc5 29. Rxb7 Qxb7+ 30. Kh3 fxe6 31. Qd2 Nc6 32. Qd7+ Qxd7 33. Rxd7+ Ne7 34. Rc7 Bb4 35. Ra7 a5 36. Rb7 a4 37. Rxb5 Nd5 38. Rb7+ Kf8 39. Rh7 a3 40. bxa3 Bxa3 0-1


[Site "https://www.chess.com"]

[Event "Titled Tuesday Blitz January 03 Early 2023"]
[White "Slade, Theodore"]
[Black "Noshin, Anjum"]
[WhiteFideId "426547"]
[BlackFideId "10218564"]
[WhiteElo "1995"]
[BlackElo "1946"]
[Result "1-0"]
[Round "01"]
[TimeControl "180+2"]
[Date "2023.01.03"]
[WhiteClock "0:01:11"]
[BlackClock "0:00:04"]

1. d4 d5 2. c4 dxc4 3. Nf3 Nf6 4. e3 e6 5. Bxc4 c5 6. O-O a6 7. dxc5 Qxd1 8. Rxd1 Bxc5 9. Be2 Nc6 10. b3 Bd7 11. Bb2 Ke7 12. Nbd2 Rhd8 13. Rac1 b6 14. a3 a5 15. Nc4 Be8 16. Nd4 Rac8 17. Bf3 Nd5 18. Nf5+ exf5 19. Rxd5 Rxd5 20. Bxd5 f6 21. Kf1 Bd7 22. Ke1 Nd8 23. Ke2 Ne6 24. g3 g6 25. h4 h5 26. Bc3 Kd8 27. b4 axb4 28. axb4 b5 29. Bxf6+ Ke8 30. bxc5 bxc4 31. Rxc4 Nxc5 32. Kf3 Na6 33. Rxc8+ Bxc8 34. Kf4 Bd7 35. Kg5 Nb4 36. Bc4 Nc2 37. Kxg6 Ne1 38. Kxh5 Nf3 39. Kg6 Nd2 40. Bd5 Nc4 41. Bxc4 f4 42. gxf4 1-0


[Site "https://www.chess.com"]

[Event "Titled Tuesday Blitz January 03 Early 2023"]
[White "Nakamura, Hikaru"]
[Black "Matinian, Nikita"]
[WhiteFideId "2016192"]
[BlackFideId "24129100"]
[WhiteElo "2775"]
[BlackElo "2407"]
[Result "1-0"]
[Round "02"]
[TimeControl "180+2"]
[Date "2023.01.03"]
[WhiteClock "0:02:11"]
[BlackClock "0:01:30"]

1. g3 e5 2. Bg2 g6 3. c4 Bg7 4. Nc3 Nc6 5. e3 h5 6. h3 d6 7. Nge2 h4 8. g4 f5 9. gxf5 Bxf5 10. d3 Qd7 11. a3 Nge7 12. b4 O-O 13. e4 Be6 14. Bg5 Bf6 15. Qd2 Nd4 16. Nxd4 exd4 17. Ne2 Nc6 18. Bxf6 Rxf6 19. Qg5 Raf8 20. f4 Qg7 21. Rg1 Bxc4 22. dxc4 d3 23. e5 dxe5 24. Bd5+ Kh7 25. Rg4 Rxf4 26. Nxf4 Rxf4 27. Rxf4 exf4 28. Qxh4+ 1-0


[Site "https://www.chess.com"]

[Event "Titled Tuesday Blitz January 03 Early 2023"]
[White "Kozionov, Kirill"]
[Black "Carlsen, Magnus"]
[WhiteFideId "24101729"]
[BlackFideId "1503014"]
[WhiteElo "2444"]
[BlackElo "2853"]
[Result "0-1"]
[Round "02"]
[TimeControl "180+2"]
[Date "2023.01.03"]
[WhiteClock "0:00:02"]
[BlackClock "0:01:13"]

1. d4 d5 2. Nf3 Nf6 3. Bf4 c5 4. e3 cxd4 5. exd4 Nc6 6. c3 Bg4 7. Nbd2 e6 8. h3 Bh5 9. Qb3 Qc8 10. Bd3 Be7 11. O-O O-O 12. Rfe1 Bg6 13. Bxg6 hxg6 14. Ne5 a6 15. a4 Na5 16. Qd1 b5 17. axb5 axb5 18. Nd3 Nc4 19. Qb3 Nxd2 20. Bxd2 Qc4 21. Qc2 b4 22. Ne5 Qc7 23. Bg5 bxc3 24. bxc3 Rxa1 25. Rxa1 Bd6 26. Bxf6 gxf6 27. Ng4 Kg7 28. Qd2 Bf4 29. Qd3 f5 30. Ne3 Rc8 31. Nd1 Bg5 32. Qe2 f4 33. Qd3 Bf6 34. Ra2 Rb8 35. Rb2 Ra8 36. Qb1 Qc4 37. Qc2 Ra1 38. Rb1 Rxb1 39. Qxb1 Qe2 40. Nb2 Qd2 41. Na4 Bh4 42. Qf1 Qc2 43. Nc5 Qxc3 44. Qd1 Qb2 45. Qf3 Qa1+ 46. Kh2 Qxd4 47. Nd3 e5 48. Kg1 Qa1+ 49. Kh2 e4 50. Qxf4 exd3 51. Qxh4 d2 0-1


[Site "https://www.chess.com"]

[Event "Titled Tuesday Blitz January 03 Early 2023"]
[White "Deac, Bogdan-Daniel"]
[Black "Antonica, Dragos-Andrei"]
[WhiteFideId "1226380"]
[BlackFideId "1246372"]
[WhiteElo "2700"]
[BlackElo "2373"]
[Result "1-0"]
[Round "02"]
[TimeControl "180+2"]
[Date "2023.01.03"]
[WhiteClock "0:01:33"]
[BlackClock "0:01:26"]

1. b3 e5 2. Bb2 Nc6 3. Nf3 d6 4. c4 f5 5. e3 Nf6 6. d3 g6 7. g3 Bg7 8. Bg2 h6 9. O-O O-O 10. Nc3 Be6 11. a3 a5 12. Qc2 Kh7 13. Rad1 Qe7 14. Nd2 Bf7 15. Rde1 Rad8 16. Nd5 Nxd5 17. cxd5 Na7 18. f4 Nc8 19. Nc4 Nb6 20. Nxa5 Nxd5 21. Nxb7 Rb8 22. Na5 Qd7 23. e4 fxe4 24. dxe4 Ne7 25. fxe5 Bxe5 26. Bxe5 dxe5 27. b4 Be6 28. Rd1 Rxf1+ 29. Bxf1 Qc8 30. Qc5 Qf8 31. Bg2 Qf6 32. Rf1 Qg5 33. h4 Qxg3 34. Qxe7+ Kh8 35. Qf6+ Kh7 36. Qxe6 Qe3+ 37. Kh2 1-0


[Site "https://www.chess.com"]

[Event "Titled Tuesday Blitz January 03 Early 2023"]
[White "Rozman, Levy"]
[Black "Nepomniachtchi, Ian"]
[WhiteFideId "2039877"]
[BlackFideId "4168119"]
[WhiteElo "2322"]
[BlackElo "2794"]
[Result "0-1"]
[Round "02"]
[TimeControl "180+2"]
[Date "2023.01.03"]
[WhiteClock "0:00:02"]
[BlackClock "0:00:47"]

1. d4 Nf6 2. Bg5 e6 3. Nd2 d5 4. e3 c5 5. c3 Nc6 6. Bd3 Be7 7. f4 O-O 8. Ngf3 h6 9. Bxf6 Bxf6 10. h4 Qb6 11. Rb1 Re8 12. Ne5 cxd4 13. exd4 Nxd4 14. cxd4 Qxd4 15. Qe2 Qxf4 16. Ndf3 Qg3+ 17. Kf1 Bxe5 18. Nxe5 Qf4+ 19. Kg1 Qd4+ 20. Kf1 f6 21. Bg6 Re7 22. Nf3 Qb6 23. Rd1 Bd7 24. Qf2 Qa5 25. Bb1 e5 26. Qd2 Qa6+ 27. Bd3 Qb6 28. Bc2 d4 29. Bb3+ Be6 30. Bxe6+ Qxe6 31. Kg1 d3 32. Kh2 e4 33. Rhe1 Qd6+ 34. Kg1 exf3 35. Rxe7 Qxe7 36. Qxd3 fxg2 37. Qd5+ Kh8 38. Qxg2 Re8 0-1


[Site "https://www.chess.com"]

[Event "Titled Tuesday Blitz January 03 Early 2023"]
[White "Naroditsky, Daniel"]
[Black "Sychev, Klementy"]
[WhiteFideId "2026961"]
[BlackFideId "4114060"]
[WhiteElo "2618"]
[BlackElo "2547"]
[Result "1/2-1/2"]
[Round "02"]
[TimeControl "180+2"]
[Date "2023.01.03"]
[WhiteClock "0:00:04"]
[BlackClock "0:00:03"]

1. e4 e5 2. Nf3 Nc6 3. Bb5 a6 4. Ba4 b5 5. Bb3 Na5 6. d4 exd4 7. O-O Bb7 8. c3 Nxb3 9. axb3 Nf6 10. e5 Nd5 11. Qxd4 Be7 12. Qg4 Kf8 13. Rd1 h5 14. Qe4 Nxc3 15. Qxb7 Rb8 16. Qxb8 Ne2+ 17. Kf1 Qxb8 18. Kxe2 b4 19. Nbd2 g5 20. Nc4 g4 21. Nd4 Qb7 22. Ne3 Bg5 23. Ndf5 Bxe3 24. Nxe3 Qb5+ 25. Nc4 Kg7 26. Bg5 Kg6 27. Bf6 Re8 28. Ra5 Qc6 29. Rad5 Qxf6 30. Rxd7 Rxe5+ 31. Kf1 Rf5 32. R1d2 Qh4 33. Kg1 Qg5 34. Ne3 Re5 35. g3 h4 36. gxh4 Qxh4 37. R7d4 f5 38. Ng2 Qg5 39. Nf4+ Kh6 40. Kg2 Re4 41. Rxe4 fxe4 42. Kg3 a5 43. Rd5 Qf6 44. Rh5+ Kg7 45. Rxa5 Qxb2 46. Rc5 Qxb3+ 47. Kxg4 Qf3+ 48. Kf5 b3 49. Rxc7+ Kf8 50. Ke5 b2 51. Ne6+ Kg8 52. Rc8+ Kh7 53. Ng5+ Kg6 54. Rg8+ Kh5 55. Nxf3 b1=Q 56. Nd4 Qb2 57. Kxe4 Qxf2 58. Rh8+ Kg6 59. Rg8+ Kf7 60. Rg3 Qxh2 61. Rf3+ Kg6 62. Re3 Qh4+ 63. Kd3 Qg5 64. Nf3 Qxe3+ 65. Kxe3 1/2-1/2


[Site "https://www.chess.com"]

[Event "Titled Tuesday Blitz January 03 Early 2023"]
[White "Kanakaris, Georgios"]
[Black "Duda, Jan-Krzysztof"]
[WhiteFideId "4209460"]
[BlackFideId "1170546"]
[WhiteElo "2391"]
[BlackElo "2724"]
[Result "0-1"]
[Round "02"]
[TimeControl "180+2"]
[Date "2023.01.03"]
[WhiteClock "0:00:20"]
[BlackClock "0:02:20"]

1. d4 Nf6 2. Nf3 g6 3. g3 Bg7 4. Bg2 O-O 5. O-O d6 6. b3 e5 7. dxe5 Ng4 8. Bb2 Nd7 9. c4 dxe5 10. h3 Nh6 11. Nc3 e4 12. Nd4 Re8 13. e3 f5 14. Qc2 c6 15. Rad1 Qe7 16. Nde2 Nf7 17. Nb1 Nde5 18. Ba3 Qg5 19. Nf4 Qh6 20. h4 g5 21. Nh3 gxh4 22. gxh4 Nf3+ 23. Bxf3 exf3 0-1


[Site "https://www.chess.com"]

[Event "Titled Tuesday Blitz January 03 Early 2023"]
[White "Mustafayev, Farid"]
[Black "Kollars, Dmitrij"]
[WhiteFideId "13408771"]
[BlackFideId "12909572"]
[WhiteElo "2316"]
[BlackElo "2607"]
[Result "1-0"]
[Round "02"]
[TimeControl "180+2"]
[Date "2023.01.03"]
[WhiteClock "0:00:19"]
[BlackClock "0:00:01"]

1. d4 d5 2. c4 e6 3. Nc3 Nf6 4. cxd5 exd5 5. Qc2 Bb4 6. e3 O-O 7. Bd3 c5 8. Ne2 c4 9. Bf5 Bxf5 10. Qxf5 Qd7 11. Qxd7 Nbxd7 12. Bd2 a6 13. Nf4 Bxc3 14. Bxc3 Rfe8 15. O-O b5 16. a4 g5 17. Nh3 h6 18. axb5 axb5 19. Bb4 Nb6 20. Rfb1 Nfd7 21. Kf1 f5 22. Ng1 Rxa1 23. Rxa1 Na4 24. Rb1 Nb8 25. b3 cxb3 26. Rxb3 Nc6 27. Be1 b4 28. Ne2 f4 29. exf4 Rxe2 30. Kxe2 Nxd4+ 31. Ke3 Nxb3 32. Bxb4 d4+ 33. Ke4 gxf4 34. Bd6 Nc3+ 35. Kd3 f3 36. gxf3 Na4 37. Kc4 Nac5 38. Bf4 d3 39. Bxh6 Kf7 40. Be3 Kg6 41. h4 Kh5 42. Bg5 Kg6 43. Be3 Kh5 44. f4 Kg4 45. h5 Kxh5 46. f5 d2 47. Bxd2 Kh4 48. Be3 Kh5 49. f3 Kh4 50. f6 1-0


[Site "https://www.chess.com"]

[Event "Titled Tuesday Blitz January 03 Early 2023"]
[White "Erigaisi Arjun"]
[Black "Leiva, Gianmarco"]
[WhiteFideId "35009192"]
[BlackFideId "3804399"]
[WhiteElo "2701"]
[BlackElo "2392"]
[Result "1/2-1/2"]
[Round "02"]
[TimeControl "180+2"]
[Date "2023.01.03"]
[WhiteClock "0:00:39"]
[BlackClock "0:00:05"]

1. c4 e6 2. Nc3 d5 3. d4 a6 4. cxd5 exd5 5. Bf4 c6 6. e3 Bd6 7. Qf3 Ne7 8. Bd3 Bxf4 9. Qxf4 Nd7 10. Nf3 O-O 11. O-O Nf6 12. h3 Be6 13. b4 Nc8 14. a4 Qd6 15. b5 Qxf4 16. exf4 axb5 17. axb5 Nd6 18. bxc6 bxc6 19. Ne5 Bf5 20. Bxf5 Nxf5 21. Nxc6 h5 22. g4 hxg4 23. hxg4 Nxg4 24. Nxd5 Rfe8 25. Rxa8 Rxa8 26. Rb1 Ra2 27. Nce7+ Nxe7 28. Nxe7+ Kh7 29. f3 Ne3 30. Rb3 Rg2+ 31. Kh1 Re2 32. d5 Re1+ 33. Kh2 Re2+ 34. Kg1 Nc4 35. Nf5 g6 36. Rb5 gxf5 37. Rc5 Ne3 38. d6 Rg2+ 39. Kh1 Rd2 40. Re5 Nc4 41. Rxf5 Nxd6 42. Rg5 Kh6 43. Kg1 f6 44. Rg8 Nf5 45. Kf1 Ne3+ 46. Ke1 Ra2 47. Re8 Ng2+ 48. Kf1 Nxf4 49. Rg8 Ng6 50. Ke1 Kg5 51. Kf1 Kf5 52. Rb8 Ne5 53. Rb6 Nxf3 54. Rxf6+ Ke4 55. Rf4+ Ke3 56. Re4+ Kd3 57. Re3+ Kxe3 1/2-1/2


[Site "https://www.chess.com"]

[Event "Titled Tuesday Blitz January 03 Early 2023"]
[White "Maksimovic, Bojan"]
[Black "Bortnyk, Olexandr"]
[WhiteFideId "14408120"]
[BlackFideId "14120828"]
[WhiteElo "2486"]
[BlackElo "2605"]
[Result "0-1"]
[Round "02"]
[TimeControl "180+2"]
[Date "2023.01.03"]
[WhiteClock "0:01:30"]
[BlackClock "0:02:13"]

1. g3 d5 2. Bg2 Nf6 3. Nf3 Nc6 4. O-O e5 5. c4 dxc4 6. Qa4 Bd6 7. Qxc4 O-O 8. Qc2 e4 9. Ne1 Nd4 10. Qd1 Re8 11. Nc3 c5 12. e3 Bg4 13. Qa4 Ne2+ 14. Kh1 Nxc3 15. dxc3 Be2 16. Rg1 Ng4 0-1


[Site "https://www.chess.com"]

[Event "Titled Tuesday Blitz January 03 Early 2023"]
[White "Jobava, Baadur"]
[Black "Goltsev, Dmitry"]
[WhiteFideId "13601520"]
[BlackFideId "24176710"]
[WhiteElo "2578"]
[BlackElo "2269"]
[Result "1-0"]
[Round "02"]
[TimeControl "180+2"]
[Date "2023.01.03"]
[WhiteClock "0:01:12"]
[BlackClock "0:00:02"]

1. d4 Nf6 2. Nc3 e6 3. Bf4 b6 4. e3 Bb7 5. Nf3 d6 6. Be2 Nbd7 7. h3 Be7 8. O-O O-O 9. a4 a6 10. Bh2 Ne4 11. Nxe4 Bxe4 12. Nd2 Bb7 13. Bf3 Qc8 14. c4 f5 15. a5 e5 16. axb6 e4 17. Be2 cxb6 18. b4 d5 19. c5 b5 20. Nb3 Bc6 21. Na5 g5 22. Qb3 f4 23. Bg4 Kg7 24. Be6 Nxc5 25. Bxc8 Nxb3 26. Nxc6 Nxa1 27. Bb7 Rab8 28. Nxb8 Rxb8 29. Bxd5 Nc2 30. exf4 gxf4 31. Bxf4 Rd8 32. Bxe4 Nxd4 33. Be5+ Bf6 34. Bxf6+ Kxf6 35. Ra1 Rd6 36. Bxh7 Ne2+ 37. Kf1 Nc3 38. h4 Rd4 39. Rxa6+ Ke5 40. g3 Rxb4 41. h5 Rb2 42. h6 Nd1 43. f4+ Kd5 44. Kg1 Ne3 45. Bg8+ Ke4 46. Re6+ Kf3 47. Rxe3+ Kxe3 48. h7 Rb1+ 49. Kg2 Rb2+ 50. Kh3 Rb1 51. Bd5 Rd1 52. h8=Q Rxd5 53. Qe5+ Rxe5 54. fxe5 1-0


[Site "https://www.chess.com"]

[Event "Titled Tuesday Blitz January 03 Early 2023"]
[White "HSH1987"]
[Black "Martinez Alcantara, Jose Eduardo"]
[BlackFideId "3805662"]
[WhiteElo "2675"]
[BlackElo "2619"]
[Result "0-1"]
[Round "02"]
[TimeControl "180+2"]
[Date "2023.01.03"]
[WhiteClock "0:00:23"]
[BlackClock "0:00:57"]

1. Nf3 c5 2. g3 Nc6 3. Bg2 g6 4. O-O Bg7 5. c3 e5 6. e4 Nge7 7. d3 O-O 8. a3 d6 9. b4 h6 10. Bb2 b5 11. Nbd2 Qb6 12. Qe2 a6 13. Rfb1 Be6 14. Nf1 Rad8 15. Ne3 Rfe8 16. Bc1 cxb4 17. axb4 d5 18. exd5 Nxd5 19. Nxd5 Bxd5 20. Be3 Qb7 21. c4 Nd4 22. Bxd4 exd4 23. Qd1 bxc4 24. dxc4 Be4 25. Ne1 d3 26. Ra2 Bxg2 27. Nxg2 Qe4 28. c5 d2 29. Ne3 Qd3 30. Rb3 Qxb3 31. Qxb3 Rxe3 32. Qxe3 d1=Q+ 33. Kg2 Qd5+ 0-1


[Site "https://www.chess.com"]

[Event "Titled Tuesday Blitz January 03 Early 2023"]
[White "Liyanage, Ranindu Dilshan"]
[Black "Sarana, Alexey"]
[WhiteFideId "9915834"]
[BlackFideId "24133795"]
[WhiteElo "2342"]
[BlackElo "2685"]
[Result "0-1"]
[Round "02"]
[TimeControl "180+2"]
[Date "2023.01.03"]
[WhiteClock "0:00:04"]
[BlackClock "0:00:05"]

1. e4 c5 2. Nc3 d6 3. f4 Nc6 4. Nf3 g6 5. Bb5 Bd7 6. Bc4 Bg7 7. d3 e6 8. f5 gxf5 9. exf5 d5 10. Bb5 Nge7 11. fxe6 fxe6 12. Ng5 O-O 13. Bxc6 Nxc6 14. Qh5 h6 15. Nf3 Qe8 16. Qh4 Nd4 17. Nxd4 cxd4 18. Ne2 Qg6 19. Nf4 Qf5 20. Bd2 Qe5+ 21. Kd1 Rf7 22. Re1 Qf5 23. g4 Qf6 24. Qg3 e5 25. Nh5 Qf3+ 26. Qxf3 Rxf3 27. Nxg7 Bxg4 28. Kc1 Kxg7 29. Rxe5 Rc8 30. b3 Rf2 31. Rxd5 Rxh2 32. Rxd4 Bf3 33. Rd7+ Kg6 34. Rd6+ Kg7 35. Rd7+ Kg8 36. c4 Re8 37. Kc2 Ree2 38. Rg1+ Kf8 39. Kc3 Rxd2 40. Rh7 Rc2+ 41. Kb4 Rcg2 42. Rf1 Rf2 43. Re1 Re2 44. Rf1 Rhf2 45. Rg1 Rxa2 46. Rgg7 Bh5 47. Rc7 Bf7 48. Rxh6 b6 49. Rh8+ Kg7 50. Rb8 Rf5 51. Rbb7 a5+ 52. Kc3 Rf6 53. d4 Kg6 54. Kd3 Rb2 55. Ke4 Rxb3 56. c5 Rb4 57. c6 Rb5 58. d5 Bxd5+ 59. Kd3 Bxc6 60. Rg7+ Kf5 61. Rbf7 Rd5+ 0-1


[Site "https://www.chess.com"]

[Event "Titled Tuesday Blitz January 03 Early 2023"]
[White "Paravyan, David"]
[Black "Averjanov, Alexey"]
[WhiteFideId "4194985"]
[BlackFideId "14109867"]
[WhiteElo "2601"]
[BlackElo "2399"]
[Result "1-0"]
[Round "02"]
[TimeControl "180+2"]
[Date "2023.01.03"]
[WhiteClock "0:00:44"]
[BlackClock "0:00:07"]

1. e4 c6 2. d4 d5 3. e5 Bf5 4. h4 h5 5. Bd3 Bxd3 6. Qxd3 e6 7. Bg5 Qa5+ 8. Nd2 Qa6 9. c4 Bb4 10. b3 Nd7 11. Ne2 Ne7 12. O-O Ng6 13. Nf3 Be7 14. Bxe7 Nxe7 15. a4 c5 16. dxc5 Nxc5 17. Qe3 Nd7 18. Ned4 O-O-O 19. c5 Kb8 20. b4 Rc8 21. a5 Nf5 22. Nxf5 exf5 23. Nd4 Qg6 24. a6 bxa6 25. e6 fxe6 26. Rxa6 Qg4 27. Rfa1 e5 28. Rxa7 exd4 29. Qe6 Rh6 30. Ra8+ Kc7 31. R1a7+ Kd8 32. Qxd7# 1-0


[Site "https://www.chess.com"]

[Event "Titled Tuesday Blitz January 03 Early 2023"]
[White "Blanco Ronquillo, Humberto L."]
[Black "Bluebaum, Matthias"]
[WhiteFideId "3504239"]
[BlackFideId "24651516"]
[WhiteElo "2442"]
[BlackElo "2669"]
[Result "0-1"]
[Round "02"]
[TimeControl "180+2"]
[Date "2023.01.03"]
[WhiteClock "0:00:08"]
[BlackClock "0:00:27"]

1. e4 e6 2. d4 d5 3. Nd2 c5 4. exd5 Qxd5 5. Ngf3 cxd4 6. Bc4 Qd6 7. O-O Nf6 8. Nb3 Nc6 9. Nbxd4 Nxd4 10. Qxd4 Qxd4 11. Nxd4 Bd7 12. Be2 Rc8 13. Bf3 Bc5 14. Nb3 Bb6 15. c3 Bc6 16. Bxc6+ Rxc6 17. Bg5 Nd5 18. Rad1 h6 19. Bc1 O-O 20. Nd4 Rcc8 21. Rfe1 Rfd8 22. Nc2 a6 23. g3 Rd7 24. Kg2 Rcd8 25. Kf3 Bc5 26. c4 Nb4 27. Rxd7 Rxd7 28. Nxb4 Bxb4 29. Rf1 Rc7 30. b3 b5 31. Bf4 Rc8 32. cxb5 axb5 33. Rc1 Ra8 34. Rc2 g5 35. Be5 f6 36. Bd4 Kf7 37. Rc7+ Kg6 38. Ba7 Bd6 39. Rb7 b4 40. Ke4 h5 41. Rd7 Bf8 42. f3 Rc8 43. Rd2 Rc7 44. Bb6 Rb7 45. Bf2 Rb5 46. Bd4 Ra5 47. Kd3 Kf5 48. Re2 e5 49. Bf2 Ra8 50. Kc4 Rc8+ 51. Kb5 Rc3 52. Be1 Rc5+ 53. Kb6 Rc8 54. Kb7 Rd8 55. Kc7 Rd3 56. Rf2 Ke6 57. Kc6 g4 58. fxg4 hxg4 59. Kb5 Rd8 60. Rc2 Rb8+ 61. Ka4 e4 62. Rc4 Kd5 63. Bd2 Bc5 64. Bf4 Rb7 65. Ka5 Bf2 66. Ka6 Rb6+ 67. Ka5 Rb7 68. Ka6 Ra7+ 69. Kb5 Rxa2 70. Kxb4 f5 71. Rc8 e3 72. Re8 e2 0-1


[Site "https://www.chess.com"]

[Event "Titled Tuesday Blitz January 03 Early 2023"]
[White "Sjugirov, Sanan"]
[Black "Velikanov, Alexander"]
[WhiteFideId "4189302"]
[BlackFideId "2039290"]
[WhiteElo "2712"]
[BlackElo "2339"]
[Result "1-0"]
[Round "02"]
[TimeControl "180+2"]
[Date "2023.01.03"]
[WhiteClock "0:01:42"]
[BlackClock "0:01:06"]

1. e4 c5 2. Nf3 Nc6 3. Bb5 e6 4. Bxc6 bxc6 5. d3 Ne7 6. Nbd2 f6 7. Nh4 d5 8. O-O g5 9. Qh5+ Kd7 10. Nhf3 Ng6 11. Nb3 Bd6 12. e5 Nxe5 13. Nxe5+ fxe5 14. Bxg5 Qe8 15. Qh4 Ba6 16. Rfe1 Rg8 17. Qxh7+ Kc8 18. h4 c4 19. dxc4 Bxc4 20. Na5 Ba6 21. Nxc6 Rxg5 22. hxg5 Qxc6 23. g6 Bf8 24. Rxe5 1-0


[Site "https://www.chess.com"]

[Event "Titled Tuesday Blitz January 03 Early 2023"]
[White "Ilkhomi, Jaloliddin"]
[Black "Narayanan.S.L"]
[WhiteFideId "14700948"]
[BlackFideId "5058422"]
[WhiteElo "1997"]
[BlackElo "2660"]
[Result "0-1"]
[Round "02"]
[TimeControl "180+2"]
[Date "2023.01.03"]
[WhiteClock "0:00:05"]
[BlackClock "0:01:50"]

1. d4 g6 2. Nf3 Bg7 3. Bg5 h6 4. Bh4 f5 5. e3 d6 6. c3 Nf6 7. Nbd2 e6 8. Bc4 O-O 9. Qb3 Qe7 10. Bxf6 Bxf6 11. e4 Bg7 12. Bd3 d5 13. exd5 exd5+ 14. Kd1 c6 15. Re1 Qf7 16. Ne5 Bxe5 17. Rxe5 Nd7 18. Re2 c5 19. Qa3 b6 20. Ke1 Re8 21. Rxe8+ Qxe8+ 22. Kf1 Qf8 23. Re1 Nf6 24. Nf3 c4 25. Qxf8+ Kxf8 26. Bc2 Bd7 27. Ne5 Be8 28. f3 b5 29. b4 a5 30. a3 axb4 31. axb4 Ra3 32. Re3 f4 33. Re2 g5 34. g3 fxg3 35. Re3 gxh2 36. Kg2 Ra2 37. Re2 Nh5 38. Kxh2 Nf4 39. Rf2 Ra3 40. Ng4 h5 41. Nf6 Rxc3 42. Nh7+ Kg7 43. Nxg5 Bg6 44. Kg3 Nd3 45. Re2 Kf6 46. Kh4 Nf4 47. Rf2 Rxc2 0-1


[Site "https://www.chess.com"]

[Event "Titled Tuesday Blitz January 03 Early 2023"]
[White "Oparin, Grigoriy"]
[Black "Shuvalova, Polina"]
[WhiteFideId "24125890"]
[BlackFideId "24171760"]
[WhiteElo "2667"]
[BlackElo "2484"]
[Result "0-1"]
[Round "02"]
[TimeControl "180+2"]
[Date "2023.01.03"]
[WhiteClock "0:00:10"]
[BlackClock "0:00:43"]

1. c4 e6 2. d4 Nf6 3. Nc3 Bb4 4. e3 O-O 5. Ne2 d5 6. a3 Be7 7. Ng3 dxc4 8. Bxc4 c5 9. O-O a6 10. dxc5 Bxc5 11. b4 Be7 12. Bb2 b5 13. Bd3 Bb7 14. Nce4 Nbd7 15. Qe2 Rc8 16. Rfd1 Qc7 17. Rd2 Rfd8 18. Rad1 h6 19. h3 Ne5 20. Nxf6+ Bxf6 21. Ne4 Bxe4 22. Bxe4 Rxd2 23. Rxd2 Nc4 24. Bc1 Nxd2 25. Bxd2 Bc3 26. Bxc3 Qxc3 27. Bb7 Qc1+ 28. Qf1 Qxf1+ 29. Kxf1 Rc3 30. Bxa6 Rxa3 31. Bxb5 Rb3 32. Bc6 Rxb4 33. h4 Rxh4 34. f4 Rh1+ 35. Kf2 Rc1 36. Be4 f5 37. Bf3 Kf7 38. g3 Kf6 39. Kg2 g5 40. Kf2 Rc2+ 41. Kg1 Rb2 42. Kf1 e5 43. fxg5+ hxg5 44. Bc6 e4 45. Bd7 Ke5 46. Ke1 Rb7 47. Bc8 Rc7 48. Ba6 Rh7 49. Kf2 Rh2+ 50. Kf1 Rb2 51. Bc8 Rb6 52. Ke1 Rc6 53. Bb7 Rc3 54. Kf2 f4 55. gxf4+ gxf4 56. exf4+ Kxf4 57. Ke2 Rb3 58. Bd5 Rb2+ 59. Ke1 Ke3 60. Kd1 Kd3 61. Kc1 Rh2 0-1


[Site "https://www.chess.com"]

[Event "Titled Tuesday Blitz January 03 Early 2023"]
[White "Demin, Vladimir"]
[Black "Keymer, Vincent"]
[WhiteFideId "4167457"]
[BlackFideId "12940690"]
[WhiteElo "2430"]
[BlackElo "2700"]
[Result "0-1"]
[Round "02"]
[TimeControl "180+2"]
[Date "2023.01.03"]
[WhiteClock "0:00:14"]
[BlackClock "0:00:24"]

1. d4 c6 2. e4 d5 3. e5 Bf5 4. Nc3 e6 5. g4 Bg6 6. Nge2 c5 7. h4 h5 8. Nf4 cxd4 9. Nb5 Nc6 10. Nxg6 fxg6 11. Nxd4 Nxd4 12. Qxd4 Ne7 13. Bg5 Qa5+ 14. c3 Nc6 15. Qf4 Qc7 16. Bb5 Bc5 17. O-O-O Rf8 18. Qd2 hxg4 19. Qd3 Rf5 20. Kb1 a6 21. Ba4 b5 22. Bc2 Nxe5 23. Qe2 Rxf2 24. Qe1 Kd7 25. h5 Nf3 26. Qe4 Nxg5 27. Qxg6 Qe5 28. h6 Qf6 29. Qd3 gxh6 30. a4 Rb8 31. axb5 Rxb5 32. Ba4 Rxb2+ 33. Ka1 Kc7 34. Bxb5 Rxb5 35. Rhf1 Nf3 36. Rb1 Bb4 37. Ka2 Bxc3 38. Rxb5 axb5 39. Qxb5 Qd4 40. Rb1 Qc4+ 41. Qxc4+ dxc4 42. Rc1 Bd4 43. Rxc4+ Kd6 44. Rc8 h5 45. Rh8 Bxh8 0-1


[Site "https://www.chess.com"]

[Event "Titled Tuesday Blitz January 03 Early 2023"]
[White "Xiong, Jeffery"]
[Black "Darini, Pouria"]
[WhiteFideId "2047640"]
[BlackFideId "12502200"]
[WhiteElo "2692"]
[BlackElo "2401"]
[Result "1-0"]
[Round "02"]
[TimeControl "180+2"]
[Date "2023.01.03"]
[WhiteClock "0:00:57"]
[BlackClock "0:00:04"]

1. f4 d5 2. Nf3 Bg4 3. e3 Nd7 4. h3 Bxf3 5. Qxf3 c6 6. c4 Ngf6 7. Nc3 e6 8. g4 h6 9. h4 dxc4 10. Bxc4 Nd5 11. d4 Bb4 12. Bd2 Qa5 13. Rc1 N7b6 14. Bb3 Qa6 15. f5 O-O-O 16. e4 Nc7 17. a3 Be7 18. fxe6 fxe6 19. Qf7 Rhe8 20. Qxg7 Qd3 21. Qxh6 Qg3+ 22. Kd1 Rxd4 23. Bxe6+ Kb8 24. Ne2 Qf3 25. Re1 Red8 26. Rc2 Rxe4 27. Bf5 Rc4 28. Kc1 Rxc2+ 29. Bxc2 Nc4 30. Bf4 Bd6 31. Bxd6 Nxd6 32. Qf4 Qg2 33. Qf6 Rd7 34. Bf5 Nxf5 35. Qf8+ Ne8 36. Qxe8+ Kc7 37. gxf5 Qf2 38. Qe5+ Kc8 39. Nc3 Qd2+ 40. Kb1 Qd3+ 41. Ka1 a5 1-0


[Site "https://www.chess.com"]

[Event "Titled Tuesday Blitz January 03 Early 2023"]
[White "Krysa, Leandro"]
[Black "Dominguez Perez, Leinier"]
[WhiteFideId "116807"]
[BlackFideId "3503240"]
[WhiteElo "2541"]
[BlackElo "2739"]
[Result "1/2-1/2"]
[Round "02"]
[TimeControl "180+2"]
[Date "2023.01.03"]
[WhiteClock "0:00:06"]
[BlackClock "0:00:02"]

1. e4 e5 2. Nf3 Nc6 3. Nc3 Nf6 4. a4 a6 5. d4 exd4 6. Nxd4 Bb4 7. Nxc6 bxc6 8. Bd3 O-O 9. O-O d5 10. exd5 cxd5 11. h3 c6 12. Qf3 Bd6 13. Bf4 a5 14. b3 Re8 15. Rfe1 Be6 16. Ne2 Qc7 17. Bxd6 Qxd6 18. Nf4 Bd7 19. Ne2 Re5 20. Ng3 Rae8 21. Kf1 g6 22. Rad1 Kg7 23. Rxe5 Qxe5 24. Ne2 h5 25. Qf4 Qxf4 26. Nxf4 g5 27. Ne2 h4 28. Nd4 c5 29. Nf5+ Bxf5 30. Bxf5 d4 31. Bd3 Nd5 32. Re1 Rxe1+ 33. Kxe1 Kf6 34. Be4 Nb4 35. Ke2 Ke5 36. Bd3 Kf4 37. Kd2 Ke5 38. Bc4 f5 39. Be2 Nd5 40. Bf3 Nf4 41. Bb7 g4 42. hxg4 fxg4 43. g3 hxg3 44. fxg3 Nh5 45. Bc8 Nf6 46. Kd3 Ne4 47. Bxg4 Nf2+ 48. Kc4 Nxg4 49. Kxc5 Ne3 50. b4 axb4 51. Kxb4 Nxc2+ 52. Kc4 Ne3+ 53. Kd3 Kd5 54. a5 Nc4 55. a6 Ne5+ 56. Ke2 Kc6 57. g4 Kb6 58. g5 Kxa6 59. g6 Nxg6 60. Kd3 Kb6 61. Kxd4 1/2-1/2


[Site "https://www.chess.com"]